 Dungeon Crawl Stone Soup version 0.27-a0-346-ga689d4a613 (webtiles) character file.

Game seed: 6306417834015054528

78 sahdkjhfkaj the Cutter (level 4, -1/26 HPs)
             Began as a Kobold Gladiator on Feb 15, 2021.
             Slain by a worm (8 damage)
             ... on level 3 of the Dungeon.
             The game lasted 00:02:58 (2526 turns).

sahdkjhfkaj the Cutter (Kobold Gladiator)           Turns: 2526, Time: 00:02:58

Health: -1/26      AC:  7    Str: 11    XL:     4   Next: 61%
Magic:  4/4        EV: 12    Int: 16    God:
Gold:   112        SH:  0    Dex: 16    Spells: 3/3 levels left

rFire    . . .     SeeInvis .   a - +0 rapier
rCold    . . .     Faith    .   (shield restricted)
rNeg     . . .     Spirit   .   h - +0 scale mail
rPois    .         Reflect  .   c - +0 helmet
rElec    .         Harm     .   (no cloak)
rCorr    .         Rampage  .   (no gloves)
Will     .....                  (no boots)
Stlth    +.........             (no amulet)
HPRegen  0.08/turn              e - +6 ring of intelligence
MPRegen  0.09/turn              (no ring)

@: no status effects
A: small, nightstalker 3
a: no special abilities


You were on level 3 of the Dungeon.
You visited 1 branch of the dungeon, and saw 3 of its levels.

You collected 112 gold pieces.

Inventory:

Hand Weapons
 a - a +0 rapier (weapon)
Missiles
 d - 3 throwing nets (quivered) {!f}
Armour
 c - a +0 helmet (worn)
 h - a +0 scale mail (worn)
Jewellery
 e - a +6 ring of intelligence (left hand)
Scrolls
 b - a scroll of immolation {!r, unknown}
 f - 4 scrolls of identify {!r, unknown}
 i - a scroll of fear {!r, unknown}
 j - a scroll of enchant armour {!r, unknown}
Potions
 g - a potion of ambrosia {!q, unknown}


   Skills:
 - Level 2.1 Fighting
 - Level 6.0 Short Blades
 - Level 2.1 Throwing
 - Level 3.6 Dodging
 + Level 1.3 Shields
 - Level 1.0 Evocations


You had 3 spell levels left.
You didn't know any spells.
Your spell library contained the following spells:

 Spells                   Type           Power        Failure   Level
 Magic Dart               Conj           0%           85%         1
 Blink                    Tloc           N/A          94%         2
 Call Imp                 Summ           0%           94%         2
 Slow                     Hex            0%           94%         2
 Conjure Flame            Conj/Fire      0%           99%         3
 Mephitic Cloud           Conj/Pois/Air  0%           99%         3


Dungeon Overview and Level Annotations

Branches:
Dungeon (3/15)

Altars:


Innate Abilities, Weirdness & Mutations

You are small and have problems with some larger weapons.
You are completely attuned to the shadows.


Message History

You hit the orc.
The orc is almost dead.
The orc hits you but does no damage.
You hit the orc.
You kill the orc!
A worm comes into view.
Things that are here:
a +0 flail; a +0 scale mail You barely miss the worm.
You hit the worm.
The worm is lightly wounded.
The worm closely misses you.
You hit the worm but do no damage.
The worm is lightly wounded.
You barely miss the worm.
The worm is lightly wounded.
The worm barely misses you.
You barely miss the worm.
The worm is lightly wounded.
You hit the worm.
The worm is moderately wounded.
The worm bites you.
* * * LOW HITPOINT WARNING * * *
You hit the worm but do no damage.
The worm is moderately wounded.
The worm bites you!
* * * LOW HITPOINT WARNING * * *
You hit the worm.
The worm is moderately wounded.
Unknown command.
You hit the worm.
The worm is heavily wounded.
The worm bites you.
* * * LOW HITPOINT WARNING * * *
You hit the worm.
The worm is severely wounded.
You barely miss the worm.
The worm is severely wounded.
The worm bites you!
You die...

##...##.......###...
#...#######..# #..#
#####.......###..###..#
............'..........
#...........####.##....
#..[.######## #..#....
.....###### #.......
.....#..... #.......
.....)@w... ........
.###....... ........
......... ........
......#### ........
......# ........
........ ........
........ ........


You could see a worm.

Vanquished Creatures
  An adder (D:3)
  2 oozes
  A worm (D:2)
  2 dart slugs (D:1)
  2 leopard geckos
  An orc (D:3)
  6 bats
  2 giant cockroaches (D:1)
  4 goblins
  5 hobgoblins
  2 jackals (D:1)
  10 kobolds
  A quokka (D:2)
  6 frilled lizards
  6 rats
51 creatures vanquished.

Notes
Turn   | Place    | Note
-------+----------+-------------------------------------------
     0 | D:1      | sahdkjhfkaj the Kobold Gladiator began the quest for the
                  | Orb.
     0 | D:1      | Reached XP level 1. HP: 12/12 MP: 1/1
   134 | D:1      | Reached XP level 2. HP: 4/17 MP: 2/2
   475 | D:1      | Reached skill level 5 in Short Blades
   639 | D:1      | Reached XP level 3. HP: 17/21 MP: 3/3
   755 | D:1      | Reached skill level 1 in Shields
  1120 | D:1      | Reached skill level 1 in Evocations
  1807 | D:2      | Reached XP level 4. HP: 26/26 MP: 4/4
  2382 | D:3      | Reached skill level 6 in Short Blades
  2526 | D:3      | Slain by a worm

Illustrated notes

Levels and vault maps discovered:
D:1:      evilmike_arrival_hilbert_curve, layout_loops_ring,
          minmay_misc_feat_columns, chequers_serial_rivers_large_a,
          serial_bayou_pond_e, chequers_mini_garden, grunt_decor_fettered,
          feat_on_display
D:2:      layout_basic
D:3:      layout_basic

Skill      XL: |  1  2  3  4 |
---------------+-------------+-----
Short Blades   | 5 6 |  6.0
Shields        | 1 |  1.3
Evocations     | 1 |  1.0
Fighting       | |  2.1
Throwing       | |  2.1
Dodging        | |  3.6

Action                   |  1- 3 |  4- 6 || total
-------------------------+-------+-------++-------
Melee: Rapier            |   146 |    63 ||   209
 Stab: Sleeping          |     5 |       ||     5
Armor: Leather armour    |    13 |       ||    13
       Scale mail        |    23 |    18 ||    41
Dodge: Dodged            |   115 |    37 ||   152

Table legend: (Time is in decaauts)
 A = Elapsed time spent in this place.
 B = Non-inter-level travel time spent in this place.
 C = Inter-level travel time spent in this place.
 D = Time resting spent in this place.
 E = Time spent auto-exploring this place.
 F = Levels seen in this place.
 G = Mean time per level.
                   A        B        C        D        E       F      G
               +--------+--------+--------+--------+--------+-----+--------+
         Total |   2532 |   2462 |     70 |     70 |   2016 |   3 |  844.0 |
       Dungeon |   2532 |   2462 |     70 |     70 |   2016 |   3 |  844.0 |
               +--------+--------+--------+--------+--------+-----+--------+

Top non-repeatable levels by time:
     D:1: 1587 daAuts
     D:2: 680 daAuts
     D:3: 264 daAuts
